 Dungeon Crawl Stone Soup version 0.28.0 (webtiles) character file.

Game seed: 4745780883429838633

647 oldriver the Vandal (level 7, 0/56 HPs)
             Began as a Formicid Hunter on Feb 14, 2022.
             Shot with an arrow by a centaur (10 damage)
             ... on level 6 of the Dungeon.
             The game lasted 00:09:14 (6572 turns).

oldriver the Vandal (Formicid Hunter)               Turns: 6572, Time: 00:09:15

Health: 0/56       AC:  3    Str: 18    XL:     7   Next: 82%
Magic:  7/7        EV: 11    Int: 11    God:
Gold:   231        SH:  0    Dex: 11    Spells: 6/6 levels left

rFire   . . .      SeeInvis +   a - +1 hunting sling
rCold   . . .      Faith    .   (no shield)
rNeg    . . .      Spirit   .   c - +0 leather armour
rPois   .          Reflect  .   (helmet unavailable)
rElec   .          Harm     .   (no cloak)
rCorr   .          Rampage  .   (no gloves)
Will    .....                   (no boots)
Stlth   +++.......              (no amulet)
HPRegen 0.18/turn               (no ring)
MPRegen 0.10/turn               (no ring)

@: no status effects
A: permanent stasis, dig shafts and tunnels, antennae 3, four strong arms
a: Dig, Shaft Self


You were on level 6 of the Dungeon.
You visited 1 branch of the dungeon, and saw 6 of its levels.

You collected 231 gold pieces.

Inventory:

Hand Weapons
 a - a +1 hunting sling (weapon)
 b - a +2 dagger of speed
Missiles
 d - 35 sling bullets
 f - 130 stones (quivered ammo)
Armour
 c - a +0 leather armour (worn)
Jewellery
 m - a ring of ice
Wands
 l - a wand of paralysis (12)
Scrolls
 e - 3 scrolls of identify
 g - 2 scrolls of blinking
Potions
 h - a potion of degeneration
 k - a potion of lignification {unknown}
 n - a potion of brilliance {unknown}


   Skills:
 + Level 5.6 Fighting
 + Level 6.8 Slings
 - Level 1.7 Dodging
 - Level 5.4 Stealth


You had 6 spell levels left.
You didn't know any spells.
Your spell library contained the following spells:

 Spells                   Type           Power      Damage    Failure   Level
 Corpse Rot               Necr/Air       0%         N/A       54%         2
 Poisonous Vapours        Pois/Air       0%         N/A       54%         2
 Portal Projectile        Hex/Tloc       0%         N/A       77%         3
 Blade Hands              Tmut           0%         N/A       100%        5
 Excruciating Wounds      Necr           0%         N/A       100%        5


Dungeon Overview and Level Annotations

Branches:
Dungeon (6/15)
 Temple: D:4-7

Altars:
Wu Jian


Innate Abilities, Weirdness & Mutations

You cannot be hasted, slowed, berserked, paralysed or teleported.
You can dig through walls and to a lower floor.
You have a pair of large antennae on your head. (SInv)
Your four strong arms can wield two-handed weapons with a shield.


Message History

Done exploring.
Done exploring.
Done exploring.
You see here a scroll of teleportation.
(D) Dungeon
Where to? (Enter - D:6, ? - help)
What level of the Dungeon? (default 1, ? - help)
You see here a +0 war axe.
Things that are here:
a +0 club; a +0 leather armour
There is a stone staircase leading down here.
You climb downwards.
You hear the hiss of flowing sand.
There is an entrance to an ossuary on this level.
Hurry and find it before the portal is buried!
Found a whip.
There is a stone staircase leading up here.
As you read the scroll labelled PUKUAZXE REAVIAGAB, it crumbles to dust.
You assume a fearsome visage.
Nothing appears to happen.
It was a scroll of fear.
As you read the scroll labelled VAEREL KEIGEYR, it crumbles to dust.
Your body is wracked with pain!
It was a scroll of torment.
You start resting.
You sense a monster nearby.
A centaur comes into view.
The centaur shouts!
The centaur wields a +0 shortbow.
The centaur shoots an arrow.
The arrow hits you!
Okay, then.
Fire: 36 sling bullets
Press: ? - help, Shift-Dir - straight line, f - centaur
Aim: a centaur, wielding a +0 shortbow and quivering arrows (73% to hit)
You shoot a sling bullet.
The sling bullet closely misses the centaur.
The centaur shoots an arrow.
The arrow hits you!
* * * LOW HITPOINT WARNING * * *
There is a stone staircase leading up here.
The centaur shoots an arrow.
The arrow hits you.
* * * LOW HITPOINT WARNING * * *
The centaur shoots an arrow.
The arrow hits you!
You die...

.### # ...
. #.. .##
#.## #..#
##
#..##)...
#.##
##.....#
#..##@....#
#.......##
##.####..#
##.# #c#
#.## .#
#.## . ##
c. .. .(.


You could see a centaur.

Vanquished Creatures
  Duvessa (D:5)
  A centaur (D:5)
  A scorpion (D:4)
  Dowan (D:5)
  A howler monkey (D:5)
  An orc priest (D:5)
  A hound (D:4)
  An orc wizard (D:5)
  9 adders
  A white imp (D:5)
  3 ufetubi
  An adder skeleton (D:4)
  3 worms (D:2)
  4 dart slugs
  11 orcs
  4 ball pythons
  6 endoplasms
  7 giant cockroaches
  7 goblins
  9 hobgoblins
  2 jackals (D:2)
  5 kobolds
  7 quokkas
  3 bats
  4 frilled lizards
  10 rats
104 creatures vanquished.

Vanquished Creatures (others)
  4 fungi (D:2)
  4 plants (D:2)
8 creatures vanquished.

Grand Total: 112 creatures vanquished

Notes
Turn   | Place    | Note
-------+----------+-------------------------------------------
     0 | D:1      | oldriver the Formicid Hunter began the quest for the Orb.
     0 | D:1      | Reached XP level 1. HP: 16/16 MP: 1/1
   155 | D:1      | Reached XP level 2. HP: 19/23 MP: 2/2
   926 | D:1      | Reached XP level 3. HP: 28/28 MP: 3/3
  1592 | D:2      | Reached XP level 4. HP: 35/35 MP: 4/4
  1629 | D:2      | Reached skill level 5 in Slings
  2250 | D:2      | Found a faded altar of an unknown god.
  2511 | D:2      | Reached XP level 5. HP: 29/41 MP: 5/5
  3433 | D:3      | Found an ornate altar of the Wu Jian Council.
  4318 | D:4      | Reached XP level 6. HP: 48/48 MP: 6/6
  4616 | D:5      | Entered Level 5 of the Dungeon
  5309 | D:5      | Reached skill level 6 in Slings
  5322 | D:5      | Reached skill level 5 in Stealth
  5322 | D:5      | Reached XP level 7. HP: 5/55 MP: 7/7
  5323 | D:5      | HP: 1/55 [orc priest (4)]
  5677 | D:5      | Reached skill level 5 in Fighting
  5922 | D:5      | Noticed Duvessa
  5929 | D:5      | Killed Duvessa
  6481 | D:5      | Noticed Dowan
  6488 | D:5      | Killed Dowan
  6572 | D:6      | Shot with an arrow by a centaur

Illustrated notes

Levels and vault maps discovered:
D:1:      minmay_arrival_loop, layout_basic, minmay_misc_feat_roman,
          minmay_ruptured
D:2:      layout_loops_ring, shapermc_ecumenical_altar_mp_ritualfount,
          nicolae_wormholes
D:3:      layout_basic, nzn_wu_jian_contemplation
D:4:      layout_basic, gup_sewer_entry_pipe
D:5:      layout_basic, nrook_mini_vaults, uniq_duvessa
D:6:      old_forge, layout_layer_cave, temple_hall, nicolae_ossuary_entry_ruins

Skill      XL: |  1  2  3  4  5  6  7 |
---------------+----------------------+-----
Stealth        | 2 3 4 5 |  5.4
Fighting       | 3 4 5 |  5.6
Slings         | 5 6 |  6.8
Dodging        | |  1.7

Action                   |  1- 3 |  4- 6 |  7- 9 || total
-------------------------+-------+-------+-------++-------
Melee: Short sword       |    53 |       |       ||    53
       Punch             |     1 |     3 |       ||     4
       Dagger            |       |    66 |       ||    66
 Fire: Hunting sling     |    53 |   197 |    57 ||   307
  Use: Scroll            |       |     3 |     2 ||     5
       Potion            |       |     2 |       ||     2
 Stab: Sleeping          |       |     1 |       ||     1
Armor: Leather armour    |    24 |    36 |     1 ||    61
Dodge: Dodged            |    39 |    81 |     6 ||   126
